 Dungeon Crawl Stone Soup version 0.20.1-1-g8b1a95d (webtiles) character file.

1815 grindst0ne the Agent of Entropy (level 8, -4/68 HPs)
             Began as a Demonspawn Abyssal Knight on Jan 1, 2018.
             Was a Priest of Lugonu.
             Succumbed to an orc wizard's poison
             ... on level 6 of the Dungeon.
             The game lasted 00:28:05 (5284 turns).

grindst0ne the Agent of Entropy (DsAK)              Turns: 5284, Time: 00:28:06

Health: -4/68      AC:  8    Str: 15      XL:     8   Next: 85%
Magic:  15/15      EV: 11    Int: 14      God:    Lugonu [***...]
Gold:   341        SH:  0    Dex: 13 (14) Spells: 7/7 levels left

rFire    . . .     SeeInvis .   B - +2 halberd (vamp)
rCold    . . .     Gourm    .   (shield currently unavailable)
rNeg     . . .     Faith    .   p - +1 ring mail {MR+}
rPois    .         Spirit   .   (helmet restricted)
rElec    .         Reflect  .   z - +0 cloak
rCorr    .         Harm     .   (no gloves)
MR       ++...                  (no boots)
Stlth    +.........             (no amulet)
Regen    0.3/turn               y - +1 ring of evasion
MPRegen  0.2/turn               (no ring)

@: lethally poisoned (-4 -> -42), berserk cooldown
A: horns 1, thin skeletal structure 1, deterioration 1, magic resistance 1,
powered by death 2
a: Depart the Abyss, Bend Space, Banish, Renounce Religion


You were on level 6 of the Dungeon.
You worshipped Lugonu.
Lugonu was most pleased with you.
You were not hungry.

You visited 1 branch of the dungeon, and saw 6 of its levels.
You visited the Abyss 1 time.

You collected 341 gold pieces.

Inventory:

Hand Weapons
 a - a +1 hand axe
 w - a +3 short sword of flaming
 B - a +2 vampiric halberd (weapon)
Missiles
 f - 45 bolts
 n - 8 javelins (quivered)
Armour
 b - a +0 leather armour
 d - a +0 ring mail
 p - a +1 ring mail of magic resistance (worn)
 t - a +0 chain mail
 v - a +0 shield
 z - a +0 cloak (worn)
Jewellery
 i - an uncursed ring of ice
 o - an uncursed ring of resist corrosion {unknown}
 y - a +1 ring of evasion (left hand)
Wands
 u - a wand of iceblast (9/15)
Scrolls
 g - a scroll of fog
 h - a scroll of recharging
 l - a scroll of magic mapping {unknown}
 m - 2 scrolls of amnesia
 q - 2 scrolls of teleportation
 r - 3 scrolls of enchant weapon
 C - 2 scrolls of identify
 D - a scroll of enchant armour {unknown}
Potions
 A - a potion of magic
Books
 k - a book of Frost

   Spells                             Type                      Level
   a - Freeze                         Ice                          1
   b - Throw Frost                    Conjuration/Ice              2
   c - Ozocubu's Armour               Charms/Ice                   3
   d - Throw Icicle                   Conjuration/Ice              4
   e - Summon Ice Beast               Ice/Summoning                4
Comestibles
 c - 2 bread rations
 j - 2 chunks of flesh
 s - 2 royal jellies
 x - 4 fruits


   Skills:
 - Level 8.1 Fighting
 - Level 1.7 Axes
 * Level 3.7 Armour
 - Level 0.8 Dodging
 + Level 10.4 Invocations


You had 7 spell levels left.
You didn't know any spells.

Dungeon Overview and Level Annotations

Branches:
Dungeon (6/15)
 Temple: D:4-7

Altars:
Fedhas
Qazlal
Ru
Vehumet
Xom
Zin

Annotations:
D:5 exclusion: oklob plant
D:6 Sigmund


Innate Abilities, Weirdness & Mutations

You have a pair of small horns on your head.
You have a somewhat thin skeletal structure. (Dex +2, Stealth)
You regenerate health from kills.
Your body sometimes deteriorates upon taking damage.
You are resistant to hostile enchantments. (MR+)


Message History

You feel resistant to hostile enchantments.
You feel yourself speed up.
You feel less confused.
* * * LOW HITPOINT WARNING * * *
You feel very sick. The shadow imp hits you.
* * * LOW HITPOINT WARNING * * *
You hear some strange, mumbled words.
A puff of flame appears from out of thin air!
The puff of flame hits you!
The shadow imp hits you but does no damage.
Okay, then.
Okay, then.
Level annotation: Sigmund Welcome back, grindst0ne the Demonspawn Abyssal Knight.
Lugonu says: Spread carnage and corruption!
Press ? for a list of commands and other information.
Okay, then.
Okay, then.
You barely miss the shadow imp.
You die...

'###.##.####...###.##
##.##########.##
#............... .. ....
#............... .... ....
#............... #... #..#
##..###.##.###..
##...###..########..###.##.###..
..........#...5#.....+..........
..........#..[{@.....#..........
..........#..[.#.....#.......<..
.5..5.....[....#.....#..........
#..###.##########..###.########
#.# #####..###.######.. o.'
#...'.....[...#.)<. ..o#.
.#.........')... ##.o##.
#.........#.... #..# ##
#)#.##...##....


You could see a shadow imp.

Vanquished Creatures
  Grinder (D:3)
  The ghost of xight the Magician, an amateur DEFE (D:4)
  Menkaure (D:5)
  Edmund (D:4)
  A sky beast (D:5)
  A phantom (D:5)
  3 ogres
  Blork the orc (D:4)
  A howler monkey (D:4)
  A crimson imp (D:5)
  2 jellies (D:5)
  A centaur skeleton (D:6)
  A hound (D:5)
  2 orc wizards (D:6)
  A bullfrog skeleton (D:4)
  Terence (D:3)
  Natasha (D:4)
  2 iguanas
  3 worker ants
  5 adders
  2 shadow imps (D:5)
  2 adder skeletons
  4 worms
  5 dart slugs
  4 leopard geckos
  13 orcs
  3 ball pythons
  5 bats
  7 giant cockroaches
  10 goblins
  12 hobgoblins
  6 jackals
  5 quokkas
  6 frilled lizards
  A jackal skeleton (D:4)
  5 kobolds
  A quokka skeleton (D:4)
  8 rats
130 creatures vanquished.

Vanquished Creatures (others)
  An orc warrior (D:6)
  An ice beast (D:5)
  An adder skeleton (D:4)
3 creatures vanquished.

Grand Total: 133 creatures vanquished

Notes
Turn   | Place    | Note
-------+----------+-------------------------------------------
     0 | Abyss:1  | grindst0ne the Demonspawn Abyssal Knight began the quest for the Orb.
     0 | Abyss:1  | Reached XP level 1. HP: 18/18 MP: 2/2
    48 | Abyss:1  | Noticed a hellwing
    64 | Abyss:1  | Noticed a fire bat
    64 | D:1      | Escaped the Abyss
   157 | D:1      | Gained mutation: You regenerate a little health from kills. [demonic ancestry]
   157 | D:1      | Reached XP level 2. HP: 10/24 MP: 4/4
   160 | D:1      | Reached * piety under Lugonu
   160 | D:1      | Reached skill level 3 in Invocations
   490 | D:2      | Reached XP level 3. HP: 20/29 MP: 5/5
   615 | D:2      | Found a glowing silver altar of Zin.
   708 | D:2      | Reached skill level 4 in Invocations
   748 | D:2      | Noticed Terence
   787 | D:1      | Gained mutation: Your body sometimes deteriorates upon taking damage. [potion of mutation]
   787 | D:1      | Gained mutation: You are resistant to hostile enchantments. (MR+) [potion of mutation]
  1147 | D:2      | Reached ** piety under Lugonu
  1299 | D:2      | Gained mutation: You have a somewhat thin skeletal structure. (Dex +2, Stealth) [demonic ancestry]
  1299 | D:2      | Reached XP level 4. HP: 34/37 MP: 7/7
  1359 | D:2      | Found a shimmering altar of Xom.
  1428 | D:2      | Found a sacrificial altar of Ru.
  1428 | D:2      | Found a stormy altar of Qazlal.
  2147 | D:3      | Killed Terence
  2147 | D:3      | Reached skill level 5 in Invocations
  2147 | D:3      | Reached XP level 5. HP: 29/43 MP: 8/8
  2261 | D:3      | Noticed Grinder
  2291 | D:3      | Killed Grinder
  2291 | D:3      | Reached skill level 5 in Fighting
  2291 | D:3      | Reached skill level 6 in Invocations
  2291 | D:3      | Reached XP level 6. HP: 25/51 MP: 8/10
  2504 | D:4      | Noticed Blork the orc
  2515 | D:4      | Killed Blork the orc
  2654 | D:4      | Noticed Edmund
  2728 | D:4      | Killed Edmund
  2728 | D:4      | Reached skill level 7 in Invocations
  2728 | D:4      | Gained mutation: You have a pair of small horns on your head. [demonic ancestry]
  2728 | D:4      | Reached XP level 7. HP: 24/58 MP: 12/12
  2816 | D:4      | Found a stormy altar of Qazlal.
  2820 | D:4      | Noticed an air elemental
  2823 | D:4      | Noticed a water elemental
  2823 | D:4      | Noticed a fire elemental
  2914 | D:4      | Reached *** piety under Lugonu
  2938 | D:4      | Noticed xight's ghost (amateur DEFE)
  2954 | D:4      | Killed xight's ghost
  2954 | D:4      | Reached skill level 8 in Invocations
  3516 | D:4      | Noticed Natasha
  3524 | D:4      | Killed Natasha
  3767 | D:5      | Entered Level 5 of the Dungeon
  3789 | D:5      | Noticed Menkaure
  4074 | D:5      | Killed Menkaure
  4074 | D:5      | Reached skill level 9 in Invocations
  4074 | D:5      | Gained mutation: You regenerate health from kills. [demonic ancestry]
  4074 | D:5      | Reached XP level 8. HP: 33/67 MP: 14/14
  4282 | D:5      | Found a blossoming altar of Fedhas.
  4308 | D:5      | Noticed an oklob plant
  4771 | D:5      | Reached skill level 10 in Invocations
  5203 | D:6      | Found a radiant altar of Vehumet.
  5281 | D:6      | Noticed Sigmund
  5283 | D:6      | HP: 1/68 [shadow imp (4)]
  5284 | D:6      | Succumbed to an orc wizard's poison

Skill      XL: |  1  2  3  4  5  6  7  8 |
---------------+-------------------------+-----
Invocations    | 3 4 5 6 7 9 10 | 10.4
Fighting       | 4 5 6 7 8 |  8.1
Armour         | 3 |  3.7
Axes           | |  1.7
Dodging        | |  0.8

Action                   |  1- 3 |  4- 6 |  7- 9 || total
-------------------------+-------+-------+-------++-------
Melee: Hand axe          |   166 |    77 |       ||   243
       Short sword       |       |    41 |       ||    41
       Halberd           |       |    30 |   202 ||   232
       Headbutt          |       |       |    33 ||    33
Invok: Depart the Abyss  |     1 |       |       ||     1
       Banish            |       |       |     2 ||     2
  Use: Potion            |     4 |     5 |     5 ||    14
       Scroll            |       |     4 |     3 ||     7
 Stab: Sleeping          |       |       |     1 ||     1
  Eat: Chunk             |     1 |     5 |     5 ||    11
       Bread ration      |       |     1 |       ||     1
       Meat ration       |       |       |     1 ||     1
Armor: Ring mail         |    88 |    19 |    41 ||   148
       Chain mail        |       |    48 |    74 ||   122
       Skin              |       |       |    14 ||    14
Dodge: Dodged            |   102 |    59 |   120 ||   281
